 Dungeon Crawl Stone Soup version 0.27-a0-1277-g3808f8b1c9 (webtiles) character file.

Game seed: 12787433684959721766

455 Glokmah the Caller (level 6, 0/35 HPs)
             Began as a Deep Elf Summoner on June 12, 2021.
             Was an Initiate of the Shining One.
             Slain by a yak (15 damage)
             ... on level 3 of the Dungeon.
             The game lasted 00:14:41 (7337 turns).

Glokmah the Caller (Deep Elf Summoner)              Turns: 7337, Time: 00:14:41

Health: 0/35       AC:  4    Str:  7    XL:     6   Next: 76%
Magic:  2/15       EV: 14    Int: 20    God:    the Shining One [......]
Gold:   197        SH:  0    Dex: 21    Spells: 4/14 levels left

rFire    . . .     SeeInvis .   a - +1 dagger
rCold    . . .     Faith    .   (no shield)
rNeg     . . .     Spirit   .   j - +0 leather armour
rPois    +         Reflect  .   (no helmet)
rElec    .         Harm     .   k - scarf {shadows}
rCorr    .         Rampage  .   (no gloves)
Will     .....                  d - +0 pair of boots
Stlth    +.........             (no amulet)
HPRegen  0.11/turn              b - ring of poison resistance
MPRegen  0.14/turn              r - +6 ring of dexterity

@: very slightly contaminated, glowing
A: no striking features
a: Renounce Religion


You were on level 3 of the Dungeon.
You worshipped the Shining One.
The Shining One was noncommittal.
You visited 2 branches of the dungeon, and saw 8 of its levels.

You collected 197 gold pieces.

Inventory:

Hand Weapons
 a - a +1 dagger (weapon)
 c - a +0 hunting sling
 o - a +0 arbalest
 p - a +0 short sword
Missiles
 f - 6 atropa-tipped darts
 i - 33 poisoned darts
 l - 5 boomerangs
 m - 31 stones
 v - 6 javelins
 z - 21 arrows
Armour
 d - a +0 pair of boots (worn)
 j - a +0 leather armour (worn)
 k - a scarf of shadows (worn)
Jewellery
 b - a ring of poison resistance (left hand)
 r - a +6 ring of dexterity (right hand)
Wands
 n - a wand of flame (11)
 w - a wand of digging (5)
 y - a wand of polymorph (8)
Scrolls
 e - a scroll of enchant weapon
 g - 3 scrolls of identify
 h - a scroll of acquirement {unknown}
Potions
 q - a potion of attraction {unknown}
 s - a potion of heal wounds
 t - a potion of berserk rage
 u - 2 potions of cancellation {unknown}
 x - a potion of resistance {unknown}


   Skills:
 + Level 2.3 Fighting
 + Level 4.3 Dodging
 - Level 2.4 Stealth
 + Level 4.9 Spellcasting
 * Level 6.4 Summonings
 + Level 1.3 Air Magic


You had 4 spell levels left.
You knew the following spells:

 Your Spells              Type           Power      Damage    Failure   Level
a - Summon Small Mammal   Summ           100%       N/A       1%          1
b - Call Imp              Summ           30%        N/A       1%          2
c - Call Canine Familiar  Summ           30%        N/A       3%          3
d - Summon Lightning Spi  Summ/Air       20%        N/A       34%         4

Your spell library contained the following spells:

 Spells                   Type           Power      Damage    Failure   Level
 Summon Guardian Golem    Hex/Summ       17%        N/A       14%         3
 Corona                   Hex            4%         N/A       19%         1
 Slow                     Hex            4%         N/A       26%         2
 Summon Ice Beast         Ice/Summ       17%        N/A       43%         4
 Inner Flame              Hex/Fire       4%         N/A       47%         3
 Portal Projectile        Hex/Tloc       8%         N/A       47%         3
 Cause Fear               Hex            2%         N/A       87%         4
 Leda's Liquefaction      Hex/Erth       2%         N/A       87%         4


Dungeon Overview and Level Annotations

Branches:
Dungeon (7/15)             Temple (1/1) D:4

Altars:
Ashenzari
Cheibriados
Dithmenos
Elyvilon
Fedhas
Gozag
Hepliaklqana
Kikubaaqudgha
Makhleb
Nemelex Xobeh
Okawaru
Qazlal
Ru
Sif Muna
Trog
Uskayaw
Wu Jian
Xom
Zin
The Shining One


Message History

Aim: a yak (heavily wounded, ally target) Attack!
Your lightning spire shoots out a bolt of lightning at the yak!
The bolt of electricity hits the yak.
The bolt of electricity misses the yak.
The bolt of electricity hits the yak.
The yak gores your lightning spire.
Unknown command.
The yak gores your lightning spire but does no damage.
The yak gores your lightning spire!
Your lightning spire is destroyed!
The yak bellows!
You hear a bellow! x2
Casting: Summon Lightning Spire (extremely dangerous; 34% risk of failure)
Confirm with . or Enter, or press ? or * to list all spells.
The spell is extremely dangerous to cast (34% risk of failure)!
Continue anyway?
You miscast Summon Lightning Spire.
You are very lightly contaminated with residual magic.
Desperate hands claw out at you.
A nameless horror comes into view.
The yak gores you.
Found an escape hatch in the floor.
Found a twisted jade ring.
There is a stone staircase leading up here.
The yak barely misses you.
You climb upwards.
There is a stone staircase leading down here.
A yak is nearby!
You hit the yak but do no damage. The yak gores you.
You hit the yak but do no damage. The yak gores you!
You hit the yak but do no damage. The yak barely misses you.
Casting: Summon Lightning Spire (extremely dangerous; 34% risk of failure)
Confirm with . or Enter, or press ? or * to list all spells.
The yak gores you.
Your hound completely misses the yak.
Your hound barely misses the yak.
You hit the yak but do no damage.
Your hound bites the yak.
The yak barely misses you.
You hit the yak but do no damage.
The yak is lightly wounded.
Your hound bites the yak.
The yak gores you!
You die...

.## #########........# ..#####
#.........#####..###### ......#
#.######..##..........#
..###.####.# ####.........<###.#
.##........# #........###...##.##
###.#.###..# #.##..#####.....#...
# #.#.# #..# #.##..######...#####
#.#.# #..###.##h..>......## #
#...###.......@Y########.# #
#.......####.#### #.# # ##.######
#.# ##'## # #.# #.# ##...## #
###.# ##.### ##.....## # ##.#.#
#....## ##.......###
#....########.....####.........##
.....................'.........'.
#....##########...####.........##


You could see a yak (ally target) and a friendly hound (summoned).

Vanquished Creatures
  A gnoll (D:4)
  An endoplasm (D:3)
  2 giant cockroaches
  A goblin (D:3)
  A hobgoblin (D:4)
  2 ball pythons (D:3)
  A bat (D:3)
  A kobold (D:2)
  A rat (D:2)
11 creatures vanquished.

Vanquished Creatures (collateral kills)
  An acid dragon (D:4)
  2 ogres
  A phantom (D:6)
  A scorpion (D:4)
  2 hounds
  A centaur skeleton (D:5)
  2 bullfrog skeletons
  A gnoll shaman (D:4)
  Terence (D:2)
  2 iguanas (D:5)
  An orc wizard (D:3)
  4 adders
  3 gnolls (D:4)
  2 dart slugs (D:1)
  12 orcs
  2 bats (D:2)
  An endoplasm (D:1)
  3 giant cockroaches
  4 goblins
  A hobgoblin (D:3)
  2 jackals (D:3)
  4 kobolds
  A quokka (D:1)
  A frilled lizard (D:2)
  A quokka skeleton (D:4)
  A rat (D:2)
57 creatures vanquished.

Vanquished Creatures (others)
  2 plants (D:4)
2 creatures vanquished.

Grand Total: 70 creatures vanquished

Notes
Turn   | Place    | Note
-------+----------+-------------------------------------------
     0 | D:1      | Glokmah the Deep Elf Summoner began the quest for the Orb.
     0 | D:1      | Reached XP level 1. HP: 10/10 MP: 6/6
   575 | D:1      | Found a faded altar of an unknown god.
  1065 | D:2      | Reached XP level 2. HP: 15/15 MP: 8/8
  1070 | D:2      | Learned a level 2 spell: Call Imp
  1370 | D:2      | Noticed Terence
  1398 | D:2      | Killed Terence
  1502 | D:2      | Reached XP level 3. HP: 14/20 MP: 1/10
  1644 | D:2      | Learned a level 3 spell: Call Canine Familiar
  1750 | D:2      | Reached skill level 1 in Fighting
  1750 | D:2      | Reached skill level 5 in Summonings
  2658 | D:3      | You fall into a shaft and drop 2 floors!
  2658 | D:5      | Entered Level 5 of the Dungeon
  2916 | D:4      | Noticed a scorpion
  2921 | D:4      | Killed a scorpion
  2922 | D:4      | Reached XP level 4. HP: 25/25 MP: 4/11
  3036 | D:4      | Noticed an acid dragon
  3061 | D:4      | Killed an acid dragon
  3062 | D:4      | Reached XP level 5. HP: 29/29 MP: 1/13
  3154 | D:4      | Found an iron altar of Okawaru.
  4264 | D:4      | Found a staircase to the Ecumenical Temple.
  4272 | Temple   | Entered the Ecumenical Temple
  4496 | Temple   | Became a worshipper of the Shining One
  4871 | D:4      | Learned a level 4 spell: Summon Lightning Spire
  4881 | D:4      | Noticed a nameless horror
  5288 | D:4      | Noticed an ogre
  5315 | D:4      | Killed an ogre
  5316 | D:4      | Reached skill level 6 in Summonings
  5452 | D:4      | You fall into a shaft and drop 3 floors!
  5452 | D:7      | Noticed a black bear
  5452 | D:7      | Noticed a centaur
  5457 | D:7      | Noticed a yak
  5457 | D:7      | Noticed a yak
  5457 | D:7      | Noticed a yak
  5458 | D:7      | Noticed a yak
  5458 | D:7      | Noticed a yak
  5472 | D:7      | Noticed a steam dragon
  5607 | D:6      | Noticed a phantom
  5628 | D:6      | Killed a phantom
  5629 | D:6      | Reached XP level 6. HP: 7/35 MP: 2/14
  5893 | D:6      | Noticed a water moccasin
  5942 | D:5      | Reached skill level 1 in Air Magic
  6610 | D:5      | Noticed a nameless horror
  7079 | D:4      | Found an ornate altar of the Wu Jian Council.
  7284 | D:4      | Noticed a yak
  7293 | D:4      | Noticed a yak
  7295 | D:4      | Noticed a yak
  7309 | D:4      | Noticed a yak
  7322 | D:4      | Noticed a nameless horror
  7337 | D:3      | Slain by a yak

Illustrated notes

Levels and vault maps discovered:
D:1:      denvon_arrival_hothouse, layout_basic,
          chequers_ecumenical_altar_island, chequers_serial_rivers_micro_c
D:2:      layout_basic, uniq_terence
D:3:      layout_loops_corners
D:4:      layout_basic, nicolae_wu_jian_immortal_techniques,
          overflow_temple_1_default, minmay_temple_entry_gardened_gates
D:5:      layout_loops_cross, grunt_ministairs_2
D:6:      layout_basic, kennysheep_mini, serial_park_tiny_2
D:7:      layout_cave_pools, nicolae_yredelemnul_corpse_copse, uniq_joseph,
          uniq_maggie
Temple:   dpeg_five_rooms_temple

Skill      XL: |  1  2  3  4  5  6 |
---------------+-------------------+-----
Dodging        | 3 4 |  4.3
Fighting       | 1 2 |  2.3
Summonings     | 5 6 |  6.4
Spellcasting   | 4 |  4.9
Air Magic      | 1 |  1.3
Stealth        | |  2.4

Action                   |  1- 3 |  4- 6 || total
-------------------------+-------+-------++-------
Melee: Dagger            |    16 |    67 ||    83
       Unarmed           |     1 |       ||     1
 Cast: Summon Small Mamm |    22 |    18 ||    40
       Call Imp          |    26 |     7 ||    33
       Call Canine Famil |     6 |    36 ||    42
       Summon Lightning  |       |     3 ||     3
Evoke: Wand              |       |     2 ||     2
  Use: Scroll            |     2 |     5 ||     7
 Stab: Sleeping          |     2 |       ||     2
       Distracted        |       |     1 ||     1
Armor: Robe              |     2 |       ||     2
       Leather armour    |     6 |    18 ||    24
Dodge: Dodged            |    25 |    71 ||    96

Table legend: (Time is in decaauts)
 A = Elapsed time spent in this place.
 B = Non-inter-level travel time spent in this place.
 C = Inter-level travel time spent in this place.
 D = Time resting spent in this place.
 E = Time spent auto-exploring this place.
 F = Levels seen in this place.
 G = Mean time per level.
                   A        B        C        D        E       F      G
               +--------+--------+--------+--------+--------+-----+--------+
         Total |   7346 |   6853 |    493 |    851 |   4613 |   8 |  918.2 |
       Dungeon |   7069 |   6634 |    435 |    851 |   4397 |   7 | 1009.9 |
        Temple |    276 |    218 |     58 |      0 |    216 |   1 |  276.0 |
               +--------+--------+--------+--------+--------+-----+--------+

Top non-repeatable levels by time:
     D:4: 1793 daAuts
     D:3: 1401 daAuts
     D:2: 1396 daAuts
     D:1: 1104 daAuts
     D:5: 929 daAuts
     D:6: 420 daAuts
  Temple: 276 daAuts
     D:7: 22 daAuts
